Map: Agora mauve EC

Players

Pinkrabbit - Winner!

  • Race: Zerg Zerg
  • League: Silver
  • Spawn Location: 5:00

IA (très facile)

  • Race: Zerg Zerg
  • Spawn Location: 11:00

VOD

Have the link to the VOD?

Description

Time

  • Played on: April 8, 2018, 2:06 p.m.
  • Length: 12:10
Show
View Real Time Build Order
Export as new Build Order

Pinkrabbit Zerg - Winner!

Build Orders: Pool First 

Get SALT Encoding   

  12  0:01  Drone  
  13  0:13  Overlord  
  13  0:18  Drone  
  14  0:31  Drone x2  
  16  0:35  Drone  
  16  0:41  Extractor  
  16  0:46  Drone  
  17  0:51  Spawning Pool  
  16  1:05  Overlord  
  16  1:13  Drone  
  17  1:23  Drone  
  18  1:28  Drone  
  19  1:38  Queen  
  21  1:49  Hatchery  
  20  1:56  Zergling x4  
  20  2:00  Metabolic Boost  
  22  2:05  Zergling x2  
  23  2:13  Drone  
  24  2:19  Queen  
  26  2:27  Drone  
  27  2:35  Baneling Nest  
  26  2:37  Drone  
  26  2:44  Overlord  
  27  3:04  Drone x2  
  27  3:05  Drone x2  
  31  3:21  Drone x2  
  33  3:33  Drone  
  33  3:34  Drone x5  
  35  3:38  Overlord x2  
  39  3:48  Drone x3  
  42  3:56  Baneling x2  
  42  3:57  Zergling x4  
  44  4:09  Roach Warren  
  43  4:10  Drone  
  44  4:21  Drone x2  
  44  4:22  Drone x2  
  44  4:23  Drone  
  49  4:24  Hatchery  
  48  4:34  Lair  
  48  4:35  Extractor  
  47  4:39  Overlord x2  
  47  4:45  Drone  
  47  4:46  Drone x3  
  47  4:52  Extractor  
  50  4:54  Extractor  
  49  5:04  Queen  
  51  5:13  Drone x2  
  51  5:14  Drone x2  
  55  5:32  Drone x4  
  55  5:33  Drone x2  
  61  5:36  Glial Reconstitution  
  61  5:40  Roach x3  
  61  5:41  Roach x4  
  75  5:55  Drone x4  
  79  5:59  Overlord  
  79  6:04  Centrifical Hooks  
  79  6:13  Evolution Chamber x2  
  79  6:16  Hatchery  
  76  6:23  Roach x6  
  76  6:24  Roach  
  90  6:27  Overlord x2  
  90  6:28  Overlord x2  
  90  6:39  Zerg Missile Weapons Level 1  
  90  6:41  Zerg Ground Armor Level 1  
  90  6:46  Roach x6  
  90  6:47  Roach  
  104  6:57  Extractor, Drone  
  104  6:58  Extractor, Drone x5  
  104  7:00  Overlord x2  
  110  7:08  Roach x2  
  110  7:09  Roach  
  114  7:20  Roach  
  114  7:21  Roach x5  
  126  7:30  Infestation Pit  
  126  7:31  Queen  
  127  7:40  Drone  
  127  7:41  Drone x6  
  136  7:51  Roach x2  
  136  7:52  Roach x3  
  144  8:15  Hive  
  144  8:32  Overlord x3  
  144  8:38  Overlord x2  
  144  8:39  Overlord x3  
  144  8:44  Zerg Missile Weapons Level 2  
  144  8:59  Drone  
  144  9:00  Hatchery  
  144  9:01  Roach  
  144  9:02  Roach x5  
  156  9:03  Roach x10  
  156  9:06  Zerg Ground Armor Level 2  
  176  9:25  Pathogen Glands  
  176  9:31  Ultralisk Cavern  
  175  9:46  Zergling x2  
  175  9:47  Zergling x10, Hatchery  
  175  9:48  Zergling x20  
  175  9:49  Zergling x2  
  191  9:56  Baneling x5  
  191  9:57  Baneling x3  
  191  10:26  Chitinous Plating  
  191  10:33  Roach  
  191  10:34  Roach x3  
  199  10:46  Tunneling Claws  
  199  11:08  Unknown  
  197  11:44  Unknown  
  197  11:58  Unknown  
Show
View Real Time Build Order
Export as new Build Order

IA (très facile) Zerg 

Build Orders: Pool First 

Get SALT Encoding   

  12  0:01  Drone  
  13  0:13  Overlord  
  13  0:18  Drone  
  14  0:36  Spawning Pool  
  14  0:37  Extractor  
  14  0:40  Drone  
  13  0:47  Drone  
  14  0:53  Overlord  
  14  1:23  Zergling x2  
  14  1:25  Queen  
  17  1:33  Roach Warren  
  17  1:36  Drone  
  17  1:40  Extractor  
  17  1:45  Drone  
  17  1:52  Zergling x2  
  18  2:04  Drone  
  19  2:11  Drone  
  20  2:19  Drone  
  20  2:21  Zergling x2  
  22  2:29  Overlord  
  22  2:35  Drone  
  23  2:42  Drone  
  24  2:49  Drone  
  24  2:51  Roach  
  27  7:33  Drone  
  27  7:34  Lair, Overlord, Roach  
  30  7:40  Drone, Hatchery  
  30  7:47  Drone  
  31  8:13  Roach  
  28  8:35  Overseer x2  
  28  8:53  Zergling x2  
  28  8:54  Drone  
  30  9:01  Drone  
  30  9:02  Extractor  
  30  9:03  Extractor  
  30  9:08  Drone  
  30  9:15  Drone  
  31  9:23  Drone  
  32  9:30  Drone  
  33  9:32  Roach  
  33  9:37  Drone  
  36  9:44  Drone  
  37  9:51  Drone  
  38  9:58  Drone  
  39  10:06  Drone  
  40  10:13  Drone  
  41  10:20  Drone  
  42  10:27  Drone  
  43  10:35  Drone  
  44  10:42  Drone  
  45  10:43  Overlord  
  45  10:49  Drone  
  46  10:56  Drone  
  47  11:03  Drone  
  48  11:10  Drone  
  48  11:11  Zergling x2  
  43  11:22  Drone  
  22  11:29  Drone  
  23  11:36  Drone  
  23  11:39  Zergling x2  
  25  11:43  Drone  
  26  11:50  Drone  
  26  11:58  Drone  
Tags
 
League
Silver
Matchup
ZvZ
Race
Zerg
Spawn Locations
Cross Positions
Add a new tag
Caveats
  • Supply blocks, unpowered buildings, or Contaminate may cause inaccurate times.
  • Supply counts are checked every 10 seconds.